Map: Ever Dream LE

Players

PureLegacy - Winner!

  • Race: Terran Terran
  • League: Grandmaster
  • Spawn Location: 1:00

Hupsaiya

  • Race: Protoss Protoss
  • League: Master
  • Spawn Location: 7:00

VOD

Have the link to the VOD?

Description

Time

  • Played on: Sept. 1, 2020, 8:33 p.m.
  • Length: 9:45
Show
View Real Time Build Order
Export as new Build Order

PureLegacy Terran - Winner!

Build Orders: Reaper Expand 

Get SALT Encoding   

  12  0:01  SCV  
  13  0:13  SCV  
  14  0:17  Supply Depot  
  14  0:25  SCV  
  15  0:38  SCV  
  15  0:41  Barracks  
  16  0:44  Refinery  
  16  0:50  SCV  
  17  1:02  SCV  
  18  1:14  SCV  
  19  1:28  Reaper, Orbital Command  
  20  1:40  Command Center  
  20  1:48  Supply Depot  
  20  1:54  SCV  
  20  2:00  Marine  
  22  2:06  SCV  
  22  2:07  Factory  
  23  2:14  Bunker  
  23  2:18  Refinery  
  23  2:19  SCV  
  24  2:22  Barracks Reactor  
  24  2:31  SCV  
  25  2:43  SCV  
  26  2:51  Orbital Command  
  26  2:54  Starport  
  26  2:56  SCV, Factory Tech Lab  
  27  2:59  Marine x2  
  29  3:08  SCV  
  30  3:17  SCV, Marine x2  
  33  3:20  SCV  
  33  3:30  SCV  
  33  3:33  SCV  
  35  3:34  Barracks  
  35  3:37  Raven  
  35  3:38  Barracks, Factory Tech Lab  
  37  3:42  SCV  
  37  3:47  SCV, Marine x2  
  41  3:50  Supply Depot  
  41  3:54  SCV  
  42  3:59  SCV  
  43  4:06  SCV  
  43  4:07  Marine x2  
  46  4:10  Supply Depot  
  46  4:11  SCV  
  47  4:18  SCV  
  47  4:23  SCV, Engineering Bay  
  48  4:25  Refinery  
  48  4:30  SCV, Marine  
  48  4:31  Stimpack, Marine  
  51  4:33  Combat Shield, Supply Depot  
  51  4:35  SCV  
  51  4:36  Marine  
  51  4:38  Marine  
  53  4:42  SCV  
  55  4:48  SCV  
  55  4:50  Starport Reactor, Factory Reactor  
  55  4:51  Terran Infantry Weapons Level 1  
  56  4:54  SCV, Supply Depot  
  56  4:57  Marauder x2, Marine x2  
  63  5:00  SCV  
  64  5:07  SCV  
  64  5:09  Refinery  
  64  5:12  Supply Depot  
  65  5:17  Supply Depot, Marine x2  
  65  5:18  Marauder  
  65  5:19  Marauder  
  65  5:20  SCV  
  65  5:21  SCV  
  72  5:40  Marauder x2  
  72  5:42  SCV  
  74  5:43  Widow Mine x2  
  74  5:46  Medivac x2  
  74  5:47  Marine x2  
  84  5:55  Supply Depot  
  84  5:58  Concussive Shells, Supply Depot  
  84  6:01  Marauder x2  
  88  6:06  Widow Mine x2  
  88  6:11  Marine x2  
  94  6:12  Command Center  
  94  6:17  SCV x2  
  96  6:22  Supply Depot  
  93  6:26  Marauder x2  
  93  6:27  Medivac x2  
  99  6:34  Marine x2  
  101  6:46  Barracks, Terran Infantry Armor Level 1  
  100  6:47  Barracks  
  100  6:48  Supply Depot, Widow Mine x2  
  100  6:49  SCV  
  100  6:50  SCV  
  100  6:52  Marauder x2  
  107  7:15  Marine x2  
  98  7:16  Medivac x2, Marauder, Marine  
  97  7:31  SCV x2, Orbital Command  
  97  7:33  Marine x2  
  97  7:34  Widow Mine x2  
  97  7:35  Marauder  
  97  7:36  Marine  
  107  7:39  Barracks Reactor  
  107  7:40  Barracks Tech Lab  
  108  7:46  SCV x2, Engineering Bay  
  108  7:47  Armory  
  108  7:51  Marine x2  
  112  7:54  Bunker, Orbital Command  
  112  7:55  Sensor Tower  
  112  7:57  Marauder  
  112  7:58  SCV x2, Marauder  
  117  8:03  Marauder  
  120  8:07  Supply Depot  
  120  8:10  Marine x2  
  120  8:11  SCV x2  
  121  8:15  Liberator x2  
  121  8:19  Marauder x2  
  131  8:21  Marine x2  
  132  8:27  Widow Mine x2  
  132  8:33  Marine  
  134  8:34  Marine  
  134  8:35  Marine  
  131  8:42  SCV x2  
  131  8:43  Marine x3  
  131  8:44  Marauder  
  138  8:52  SCV  
  138  8:54  SCV x2  
  140  8:56  Widow Mine x2  
  140  8:58  Liberator  
  140  9:01  Refinery x2, Marauder, Marine  
  140  9:02  Marine x2  
  149  9:07  Supply Depot x2  
  149  9:08  Supply Depot  
  149  9:15  Missile Turret  
  149  9:16  Missile Turret  
  149  9:18  Missile Turret  
  149  9:22  Ghost Academy  
Show
View Real Time Build Order
Export as new Build Order

Hupsaiya Protoss 

Build Orders: 1 Gate Expand, Blink Stalkers 

Get SALT Encoding   

  12  0:00  Probe  
  13  0:12  Probe  
  14  0:17  Pylon  
  14  0:25  Probe (Chrono Boost)  
  15  0:38  Probe (Chrono Boost), Gateway  
  16  0:46  Probe (Chrono Boost)  
  16  0:48  Assimilator  
  17  0:52  Probe  
  18  1:04  Probe  
  19  1:22  Probe  
  20  1:26  Cybernetics Core  
  20  1:36  Nexus  
  20  1:47  Pylon  
  20  1:48  Probe  
  20  1:51  Assimilator  
  21  1:59  Adept (Chrono Boost)  
  21  2:03  Warp Gate  
  21  2:05  Probe (Chrono Boost)  
  24  2:17  Probe (Chrono Boost)  
  24  2:22  Stalker  
  27  2:25  Probe (Chrono Boost)  
  28  2:33  Probe  
  28  2:36  Twilight Council  
  28  2:45  Probe  
  29  2:55  Probe (Chrono Boost)  
  30  2:59  Robotics Facility  
  30  3:04  Probe (Chrono Boost)  
  32  3:07  Probe (Chrono Boost)  
  33  3:13  Probe x2 (Chrono Boost)  
  33  3:18  Gateway  
  34  3:23  Probe  
  34  3:26  Blink (Chrono Boost)  
  35  3:33  Gateway  
  35  3:36  Probe x2  
  35  3:40  Shield Battery  
  37  3:48  Probe x2, Observer  
  39  3:54  Stalker  
  42  3:59  Pylon  
  42  4:00  Probe x2  
  42  4:02  Assimilator  
  45  4:10  Observer  
  45  4:12  Probe  
  45  4:17  Probe  
  47  4:18  Stalker x2  
  47  4:23  Pylon  
  51  4:24  Probe  
  51  4:29  Probe  
  53  4:36  Probe  
  54  4:39  Pylon  
  54  4:41  Probe, Observer  
  54  4:42  Nexus  
  56  4:48  Probe  
  56  4:52  Stalker x2  
  60  4:56  Stalker  
  60  4:58  Probe  
  63  5:00  Probe  
  63  5:02  Observer  
  65  5:10  Probe  
  65  5:11  Forge  
  65  5:13  Probe  
  67  5:21  Gateway  
  67  5:22  Probe, Gateway  
  67  5:25  Probe  
  69  5:36  Protoss Ground Armor Level 1 (Chrono Boost)  
  69  5:47  Probe  
  69  5:48  Charge (Chrono Boost)  
  70  5:52  Gateway  
  70  5:53  Probe, Gateway  
  70  5:55  Gateway  
  70  5:56  Probe, Pylon x2  
  72  6:05  Immortal (Chrono Boost), Sentry, Zealot x2  
  82  6:12  Probe x3  
  85  6:25  Zealot x4  
  85  6:27  Probe  
  85  6:28  Pylon  
  90  6:44  Zealot  
  90  6:46  Probe  
  93  6:48  Shield Battery x2  
  93  6:51  Zealot x5  
  103  7:06  Stalker x3  
  101  7:13  Zealot x4  
  79  7:23  Stalker  
  77  7:30  Stalker x2  
  77  7:31  Zealot  
  77  7:32  Probe, Protoss Ground Armor Level 2 (Chrono Boost)  
  77  7:35  Robotics Bay  
  77  7:36  Zealot  
  77  7:37  Zealot x3  
  90  7:38  Assimilator  
  90  7:39  Probe  
  90  7:42  Forge  
  93  7:45  Probe x2, Pylon  
  93  7:48  Assimilator x2  
  93  7:49  Sentry  
  97  7:59  Probe, Immortal  
  97  8:01  Robotics Facility  
  97  8:02  Probe, Pylon  
  104  8:05  Probe  
  104  8:10  Zealot x3  
  104  8:11  Probe  
  109  8:15  Zealot x2  
  107  8:27  Zealot x3  
  91  8:42  Zealot x4  
  91  8:43  Zealot  
  91  8:48  Stalker, Observer  
  96  8:49  Stalker x2  
  96  8:51  Observer  
  98  8:57  Colossus x2 (Chrono Boost)  
  110  9:05  Sentry  
  110  9:07  Probe  
  113  9:21  Stalker x2  
  117  9:31  Zealot x4  
  97  9:42  Zealot  
Tags
 
Add a new tag
Caveats
  • Supply blocks, unpowered buildings, or Contaminate may cause inaccurate times.
  • Supply counts are checked every 10 seconds.